 Dungeon Crawl Stone Soup version 0.26.0-20-g3ca415f5b8 (webtiles) character file.

Game seed: 9025823615469537232

149 EnegeticOcto the Sneak (level 4, -3/40 HPs)
             Began as a Demigod Delver on Jan 24, 2021.
             Slain by a water moccasin (7 damage)
             ... on level 3 of the Dungeon.
             The game lasted 00:04:45 (3667 turns).

EnegeticOcto the Sneak (Demigod Delver)             Turns: 3667, Time: 00:04:46

Health: -3/40      AC: 10    Str: 17    XL:     4   Next: 82%
Magic:  6/6        EV:  7    Int: 14    God:
Gold:   95         SH:  0    Dex: 17    Spells: 3/3 levels left

rFire    . . .     SeeInvis .   u - +2 quarterstaff (chaos)
rCold    . . .     Faith    .   (shield currently unavailable)
rNeg     . . .     Spirit   .   k - +0 chain mail
rPois    .         Reflect  .   w - +0 helmet
rElec    .         Harm     .   v - +0 cloak
rCorr    +         Rampage  .   (no gloves)
Will     .....                  (no boots)
Stlth    ..........             (no amulet)
HPRegen  0.13/turn              i - ring of resist corrosion
MPRegen  0.10/turn              (no ring)

@: lethally poisoned (-3 -> -25)
A: high mp 1
a: no special abilities


You were on level 3 of the Dungeon.
You visited 1 branch of the dungeon, and saw 5 of its levels.

You collected 95 gold pieces.

Inventory:

Hand Weapons
 a - a +0 mace
 u - a +2 quarterstaff of chaos (weapon)
   (You took it off Crazy Yiuf on level 2 of the Dungeon)
Missiles
 m - 39 arrows
 r - 11 poisoned darts (quivered)
Armour
 k - a +0 chain mail (worn)
   (You found it on level 1 of the Dungeon)
 v - a +0 cloak (worn)
   (You took it off Crazy Yiuf on level 2 of the Dungeon)
 w - a +0 helmet (worn)
   (You took it off Robin on level 3 of the Dungeon)
Jewellery
 i - a ring of resist corrosion (left hand)
   (You found it on level 4 of the Dungeon)
Wands
 g - a wand of digging (3) {@v3}
Scrolls
 c - a scroll of fog {!r}
 d - 3 scrolls of magic mapping {@r5 !r}
 e - a scroll of fear {!r}
 j - 4 scrolls of remove curse {@r2}
 l - 2 scrolls of enchant armour {unknown}
 o - a scroll of amnesia {unknown}
 t - a scroll of identify {@r1}
Potions
 f - a potion of mutation
 h - a potion of flight
 n - a potion of haste {@q4 !q}


   Skills:
 + Level 3.7 Fighting
 - Level 3.8(3.9) Maces & Flails
 * Level 1.1(2.7) Staves
 - Level 1.7 Dodging
 - Level 4.5 Stealth


You had 3 spell levels left.
You didn't know any spells.
Your spell library was empty.

Dungeon Overview and Level Annotations

Branches:
Dungeon (5/15)
 Temple: D:4-7

Shops:
D:5 ?

Annotations:
D:3 Ijyb


Innate Abilities, Weirdness & Mutations

You have an increased reservoir of magic. (+10% MP)


Message History

Drop what? 23/52 slots (_ for help) (? for menu, Esc to quit)
You drop a +0 leather armour.
You see here a goblin corpse.
Found a glowing robe.
A water moccasin comes into view.
The water moccasin hisses angrily.
Found 18 gold pieces.
You miss the water moccasin.
The water moccasin bites you but does no damage.
You thump the water moccasin!
The water moccasin is heavily wounded.
The water moccasin barely misses you. The water moccasin bites you.
You closely miss the water moccasin.
The water moccasin is heavily wounded.
The water moccasin bites you.
You thump the water moccasin!
You feel better.
The water moccasin is severely wounded.
The water moccasin bites you.
You are poisoned.
The water moccasin poisons you! The water moccasin bites you.
You hit the water moccasin but do no damage.
The water moccasin is severely wounded.
You feel sick. The water moccasin bites you!
The water moccasin barely misses you.
You are too injured to fight recklessly!
You are too injured to fight recklessly!
You are too injured to fight recklessly!
You are too injured to fight recklessly!
You are too injured to fight recklessly!
You are too injured to fight recklessly!
You are too injured to fight recklessly!
You are too injured to fight recklessly!
You are too injured to fight recklessly!
You are too injured to fight recklessly!
You are too injured to fight recklessly!
You are too injured to fight recklessly!
You are too injured to fight recklessly!
You are too injured to fight recklessly!
You are too injured to fight recklessly!
You are too injured to fight recklessly!
You closely miss the water moccasin.
The water moccasin is severely wounded.
You feel sick. The water moccasin bites you.
You closely miss the water moccasin.
The water moccasin is severely wounded.
You feel sick.
The water moccasin bites you but does no damage.
The water moccasin bites you.
* * * LOW HITPOINT WARNING * * *
You miss the water moccasin.
The water moccasin is severely wounded.
You feel sick.
The water moccasin bites you but does no damage.
Your chain mail prevents you from hitting the water moccasin.
The water moccasin is severely wounded.
You feel sick.
The water moccasin bites you but does no damage.
The water moccasin barely misses you.
You miss the water moccasin.
The water moccasin is severely wounded.
You feel sick.
The water moccasin bites you but does no damage.
The water moccasin barely misses you.
It was a potion of flight.
You feel very buoyant.
You fly up into the air.
You feel sick.
The water moccasin bites you but does no damage.
It was a potion of invisibility.
You fade into invisibility!
The water moccasin bites you but does no damage.
The water moccasin barely misses you.
You are very lightly contaminated with residual magic.
It was a potion of cancellation.
Your magical effects are unravelling.
You feel magically purged.
Your magical contamination has completely faded away.
You float gracefully downwards.
You flicker back into view.
You feel sick. The water moccasin bites you.
* * * LOW HITPOINT WARNING * * *
You are more poisoned.
The water moccasin poisons you!
It was a potion of curing.
You feel better. The water moccasin bites you.
* * * LOW HITPOINT WARNING * * *
You are lethally poisoned!
The water moccasin poisons you!
You closely miss the water moccasin.
The water moccasin is heavily wounded.
* * * LOW HITPOINT WARNING * * *
You feel sick. The water moccasin closely misses you.
The water moccasin bites you.
* * * LOW HITPOINT WARNING * * *
You are more poisoned.
The water moccasin poisons you!
You miss the water moccasin.
The water moccasin is heavily wounded.
* * * LOW HITPOINT WARNING * * *
You feel very sick. The water moccasin bites you!
You die...

*≈********,* ****,,,,,,<,,******
*≈≈≈≈≈≈*≈*,* ###,,,****,*≈≈≈≈*
#***≈*≈*≈*,* #..,,,,,**,*≈>⌠≈+
#≈≈≈≈*≈*≈*,* #.#*,##,**,*≈,_≈+
#≈**≈*≈*≈*,* #.#*..#.#*,*≈≈≈≈*
#≈*≈≈*≈*≈*,####*#.#*#.#.#*,******
#≈*≈**≈*≈#.#...##.###.#.#*,,,,,,,
#≈*≈**≈≈≈#......#.......##,,,,,,*
#≈*≈∩*≈**#.....S@.##.....#*,,,,,*
########*#....[.......##....,,,,*
...>....,..............#**#.<,,,*
.#######,.$......####..# *,,,,,*
.# *,..#...#.####†.# ******* ##
*,.,#####.##..[.## * #...#
#.##.#...#####**** #...#
#.##..........,,** ###### #^..#
#.....)..#####*,,,


You could see a water moccasin.

Vanquished Creatures
  Crazy Yiuf (D:2)
  Robin (D:3)
  3 adders
  2 worms (D:2)
  2 dart slugs
  2 leopard geckos
  A ball python (D:1)
  2 giant cockroaches
  13 goblins
  7 hobgoblins
  7 jackals
  5 kobolds
  2 quokkas (D:2)
  8 bats
  3 frilled lizards
  6 rats
65 creatures vanquished.

Vanquished Creatures (others)
  2 fungi (D:2)
2 creatures vanquished.

Grand Total: 67 creatures vanquished

Notes
Turn   | Place    | Note
-------+----------+-------------------------------------------
     0 | D:5      | EnegeticOcto the Demigod Delver began the quest for the
                  | Orb.
     0 | D:5      | Reached XP level 1. HP: 18/18 MP: 3/3
    10 | D:5      | Found Zon Luuch's Magic Scroll Shop.
    69 | D:3      | Reached skill level 2 in Maces & Flails
   174 | D:3      | Noticed Ijyb
   210 | D:3      | Reached XP level 2. HP: 11/25 MP: 4/4
   221 | D:3      | Reached skill level 3 in Fighting
  1339 | D:1      | Reached XP level 3. HP: 31/31 MP: 5/5
  1464 | D:1      | Reached skill level 3 in Maces & Flails
  2835 | D:2      | Reached XP level 4. HP: 38/38 MP: 6/6
  3110 | D:2      | Found a runed translucent door.
  3111 | D:2      | Noticed Crazy Yiuf
  3325 | D:2      | Killed Crazy Yiuf
  3511 | D:3      | Found a burning altar of Makhleb.
  3570 | D:3      | Noticed Robin
  3589 | D:3      | Killed Robin
  3598 | D:3      | Reached skill level 1 in Staves
  3649 | D:3      | Noticed a water moccasin
  3667 | D:3      | Slain by a water moccasin

Illustrated notes

Levels and vault maps discovered:
D:1:      dpeg_arrival_round_c, layout_loops_ring
D:2:      layout_loops_ring, serial_forest, infiniplex_forest_straight_4,
          infiniplex_forest_clump_C, infiniplex_forest_straight_4,
          infiniplex_forest_lined_room_, infiniplex_forest_3_way,
          infiniplex_forest_clump_curved, uniq_crazy_yiuf_cottage
D:3:      layout_loops_cross, general_overflow_altar, bloody_makhleb,
          lightli_sewer_entry_pipes, uniq_robin, uniq_ijyb
D:4:      layout_layer_cave, nicolae_ru_path_of_blood, dancing_weapons_uskayaw
D:5:      layout_layer_cave, serial_shops, nicolae_shop_crystal

Skill      XL: |  1  2  3  4 |
---------------+-------------+-----
Maces & Flails | 2 3 |  3.8
Fighting       | 3 |  3.7
Staves         | 1 |  1.1
Dodging        | |  1.7
Stealth        | |  4.5

Action                   |  1- 3 |  4- 6 || total
-------------------------+-------+-------++-------
Melee: Mace              |   175 |    15 ||   190
       Quarterstaff      |       |    39 ||    39
Throw: Dart              |       |     3 ||     3
Evoke: Wand              |     1 |       ||     1
  Use: Scroll            |     3 |       ||     3
       Potion            |     1 |     4 ||     5
 Stab: Sleeping          |     5 |       ||     5
Armor: Leather armour    |    13 |       ||    13
       Chain mail        |    73 |    19 ||    92
Dodge: Dodged            |   101 |    18 ||   119
